 Seeded DCSS version 0.30-a0-50-gb2d611f6b1 (webtiles) character file.

Game seed: 12168321576366024296 (custom seed)

132 purpskrrrp the Grave Robber (level 5, -1/31 HPs)
             Began as an Octopode Necromancer on Sept 4, 2022.
             Was an Initiate of Gozag.
             Slain by an orc wizard
             ... wielding a +0 dagger
              (4 damage)
             ... on level 3 of the Dungeon.
             The game lasted 00:08:16 (2675 turns).

purpskrrrp the Grave Robber (Octopode Necromancer)  Turns: 2675, Time: 00:08:20

Health: -1/31      AC:  1    Str:  7    XL:     5   Next: 15%
Magic:  3/9        EV: 18    Int: 31    God:    Gozag
Gold:   171        SH:  0    Dex: 16    Spells: 6/10 levels left

rFire   x . .      SeeInvis .    d - +5 hammer of the Heart {pain, Fragile Int+5 Dex+4 Stlth+}
rCold   + . .      Faith    .    (no shield)
rNeg    . . .      Spirit   .    (helmet restricted)
rPois   +          Reflect  .    (no amulet)
rElec   .          Harm     .    c - +4 ring of evasion
rCorr   .          Rampage  .    e - ring of ice
Will    .....                    k - ring of poison resistance
Stlth   +++++.....               o - +6 ring of intelligence
HPRegen 0.10/turn                (no ring)
MPRegen 0.11/turn                (no ring)
                                 (no ring)
                                 (no ring)

@: gold aura
A: almost no armour, amphibious, 8 rings, camouflage 1, gelatinous body 1,
(nimble swimmer 1), tentacles
a: Renounce Religion, Potion Petition, Call Merchant, Bribe Branch


You were on level 3 of the Dungeon.
You worshipped Gozag.
Gozag was aware of your devotion.
You visited 1 branch of the dungeon, and saw 3 of its levels.

You collected 171 gold pieces.

Inventory:

Hand Weapons
 d - the +5 hammer of the Heart (weapon) {pain, Fragile Int+5 Dex+4 Stlth+}
   (You found it on level 2 of the Dungeon)

   In the hands of one skilled in necromantic magic, it inflicts extra damage on
   living creatures.
   Int:       It affects your intelligence (+5).
   Dex:       It affects your dexterity (+4).
   Fragile:   It will be destroyed if unequipped.
   Stlth:     It makes you more stealthy.
Missiles
 f - 6 poisoned darts
Jewellery
 c - a +4 ring of evasion (left tentacle)
 e - a ring of ice (right tentacle)
 g - an amulet of faith
 k - a ring of poison resistance (on tentacle)
 o - a +6 ring of intelligence (on tentacle)
Potions
 a - a potion of magic
 b - 2 potions of heal wounds {unknown}
 h - 3 potions of attraction {unknown}
 i - a potion of mutation {unknown}
 j - 3 potions of haste {unknown}
 n - a potion of curing {unknown}
 p - 2 potions of lignification {unknown}


   Skills:
 + Level 0.4 Maces & Flails
 + Level 2.7 Dodging
 + Level 3.9 Stealth
 * Level 3.1 Spellcasting
 * Level 4.8 Necromancy


You had 6 spell levels left.
You knew the following spells:

 Your Spells              Type           Power      Damage    Failure   Level
a - Necrotise             Necr           100%       1d9       1%          1
b - Vampiric Draining     Necr           34%        2d8       2%          3

Your spell library contained the following spells:

 Spells                   Type           Power      Damage    Failure   Level
 Agony                    Necr           34%        N/A       26%         5
 Animate Dead             Necr           Unusable   N/A       N/A         4

Dungeon Overview and Level Annotations

Branches:
Dungeon (3/15)

Altars:
Gozag


Innate Abilities, Weirdness & Mutations

You cannot wear most types of armour.
You are amphibious.
You can wear up to eight rings at the same time.
Your skin changes colour to match your surroundings (Stealth+).
Your rubbery body absorbs attacks. (AC +1, EV +1)
((You are camouflaged when in or above water. (Stealth+)))
You have tentacles for arms and can constrict up to eight enemies at once.


Message History

An orc comes into view. It is wielding a +0 hand axe.
An orc comes into view. It is wielding a +0 dagger.
Found 16 gold pieces.
The orc wizard shouts!
The orc wizard writhes in agony!
The orc shouts!
You hear a shout! x2
The orc wizard points at you and mumbles some strange words.
You are confused.
You're too confused to cast spells.
The orc wizard points at you and mumbles some strange words.
The magic dart hits you.
The orc shouts!
You bump into the rock wall.
The orc wizard mumbles some strange words.
The orc wizard flickers and vanishes!
Deactivating autopickup; reactivate with Ctrl-A.
An orc wizard comes into view. It is wielding a +0 dagger.
You bump into the rock wall.
You feel less confused.
An orc priest comes into view. It is wielding a +0 dagger.
The orc hits you with a +0 dagger.
The orc barely resists.
The orc hits you with a +0 dagger.
The orc writhes in agony.
The orc barely misses you.
The orc writhes in agony.
The orc hits you with a +0 dagger.
Casting: Necrotise (safe; 1% risk of failure)
Confirm with . or Enter, or press ? or * to list all spells.
Aiming: Vampiric Draining (dangerous; 2% risk of failure)
Press: ? - help, Shift-Dir - straight line, f/p - orc
Aim: an orc, wielding a +0 dagger and wearing a +0 leather armour (almost dead)
You draw life force from the orc!
You kill the orc!
A magic dart appears from out of thin air!
The magic dart hits you.
You closely miss the orc wizard. Your grab misses the orc wizard.
The orc priest calls down the wrath of Beogh upon you.
Beogh smites you!
* * * LOW HITPOINT WARNING * * *
The orc wizard hits you with a +0 dagger.
You die...
Your body crumbles into a pile of gold.

#.# .# #.. #o#
#..# #o# #...
#.# #...# #o#
... #.#
#.##.###o#
#....@o{.#
####.##o.#
#.##..# #.##..#
#. #.##..# #.
#.##..# #.
#.##..# #.
#.##..####
#.####.##..##.#


You could see an orc priest, an orc wizard and an orc.

Vanquished Creatures
  Crazy Yiuf (D:2)
  An adder (D:2)
  4 gnolls (D:3)
  2 dart slugs (D:1)
  An orc (D:3)
  3 endoplasms (D:1)
  A giant cockroach (D:1)
  4 goblins
  4 hobgoblins
  4 jackals (D:1)
  3 quokkas
  3 ball pythons
  6 bats
  2 frilled lizards (D:1)
  5 kobolds
  2 rats
46 creatures vanquished.

Notes
Turn   | Place    | Note
-------+----------+-------------------------------------------
     0 | D:1      | purpskrrrp the Octopode Necromancer began the quest for the
                  | Orb.
     0 | D:1      | Reached XP level 1. HP: 11/11 MP: 3/3
   210 | D:1      | Reached XP level 2. HP: 17/17 MP: 0/5
   591 | D:1      | Found a faded altar of an unknown god.
   913 | D:1      | Reached XP level 3. HP: 19/21 MP: 6/6
  1483 | D:1      | Prayed at the altar of an unknown god.
  1483 | D:1      | Became a worshipper of Gozag Ym Sagoz the Greedy
  1874 | D:2      | Reached XP level 4. HP: 27/27 MP: 5/8
  1916 | D:2      | Found a runed translucent door.
  1917 | D:2      | Noticed Crazy Yiuf
  2275 | D:2      | Learned a level 3 spell: Vampiric Draining
  2302 | D:2      | Killed Crazy Yiuf
  2308 | D:2      | Identified the +5 hammer of the Heart {pain, Fragile Int+5
                  | Dex+4 Stlth+}
  2511 | D:3      | Reached XP level 5. HP: 31/31 MP: 2/9
  2675 | D:3      | Slain by an orc wizard

Illustrated notes

Levels and vault maps discovered:
D:1:      dpeg_arrival_connections, layout_basic,
          dreamdust_ecumenical_altar_angels_and_demons
D:2:      layout_rooms, uniq_crazy_yiuf_cottage
D:3:      layout_basic

Skill      XL: |  1  2  3  4 |
---------------+-------------+-----
Stealth        | 3 |  3.9
Spellcasting   | 3 |  3.1
Maces & Flails | |  0.4
Dodging        | |  2.7
Necromancy     | |  4.8

Action                   |  1- 3 |  4- 6 || total
-------------------------+-------+-------++-------
Melee: Unarmed           |    31 |     3 ||    34
       Constrict         |     5 |     4 ||     9
       Tentacles         |     4 |     2 ||     6
       Punch             |     1 |     1 ||     2
       Mace              |       |     6 ||     6
 Cast: Necrotise         |    57 |    11 ||    68
       Vampiric Draining |       |     3 ||     3
  Use: Scroll            |       |     7 ||     7
 Stab: Sleeping          |     1 |       ||     1
Armor: Skin              |     4 |       ||     4
Dodge: Dodged            |    52 |    10 ||    62

Table legend: (Time is in decaauts)
 A = Elapsed time spent in this place.
 B = Non-inter-level travel time spent in this place.
 C = Inter-level travel time spent in this place.
 D = Time resting spent in this place.
 E = Time spent auto-exploring this place.
 F = Levels seen in this place.
 G = Mean time per level.
                   A        B        C        D        E       F      G
               +--------+--------+--------+--------+--------+-----+--------+
         Total |   2684 |   2586 |     98 |    518 |   1761 |   3 |  894.7 |
       Dungeon |   2684 |   2586 |     98 |    518 |   1761 |   3 |  894.7 |
               +--------+--------+--------+--------+--------+-----+--------+

Top non-repeatable levels by time:
     D:1: 1500 daAuts
     D:2: 994 daAuts
     D:3: 189 daAuts
